[Event "FISU WUMSCC Men 2024"]
[Site "Entebbe"]
[Date "2024.06.28"]
[Round "7.1"]
[White "Mladek, Richard"]
[Black "Szpar, Milosz"]
[Result "0-1"]
[ECO "D10"]
[WhiteElo "2385"]
[BlackElo "2497"]
[Annotator "TA"]
[PlyCount "116"]
[EventDate "2024.06.24"]
[EventType "swiss"]
[EventCountry "UGA"]
[SourceTitle "playchess.com"]
[Source "ChessBase"]
[SourceQuality "1"]
[TimeControl "5400+30"]

1. d4 d5 2. c4 c6 3. Nc3 Nf6 4. e3 Bf5 5. cxd5 cxd5 6. Qb3 Nc6 7. Qxb7 Bd7 8. Qb3 Rb8 9. Qd1 e5 10. dxe5 Nxe5 11. Bd3 Bd6 12. Nge2 O-O 13. Nd4 Qc7 14. Qc2 Nxd3+ 15. Qxd3 Rfc8 16. Rb1 Bxh2 17. Bd2 Be5 18. Rc1 Qc4 19. Qxc4 dxc4 20. Nf3 Bd6 21. Nd1 Ne4 22. Ke2 Bf5 23. Rh4 g5 24. Rh6 Bg6 25. g4 (25. Ba5 $17) 25... Nxd2 26. Nxd2 Bd3+ 27. Kf3 Bf8 28. Rh5 h6 29. b3 (29. Ne4 $142) 29... cxb3 $19 30. Nxb3 Bc2 31. Kg3 Bxb3 (31... Ba3 32. Ra1 $19) (31... Rc4 $19 {has better winning chances.} 32. Ra1 Bd6+ 33. Kf3 Be4+ 34. Ke2 Kg7) 32. Rxc8 $17 Rxc8 33. axb3 Rb8 34. f4 {[%emt 0:00:33] [#]} f6 $1 35. Nc3 (35. fxg5 $17 fxg5 (35... Rxb3 36. gxf6 Kf7 37. Kg2 $11) 36. Kf3) 35... Rxb3 $19 36. Nd5 Kf7 37. Kf3 a5 38. Rh2 gxf4 (38... a4 $19 {aiming for ...gxf4.} 39. Rc2 a3 40. Rc7+ Ke6) 39. Nxf4 (39. Rc2 $15) 39... a4 $17 40. Ra2 $2 (40. Rh5 $17) 40... a3 $19 41. Ke4 Bc5 42. Nd3 Bb6 43. Rc2 (43. Rf2 $142) 43... Ke7 44. Nf4 $2 (44. Rd2) 44... Rxe3+ $19 45. Kf5 Re5+ 46. Kg6 Be3 47. Ng2 Bd4 48. Ra2 Rg5+ 49. Kxh6 Rxg4 (49... Bb2 $142 50. Nh4 Rxg4 (50... Ke6 $2 51. Nf3 $19) 51. Nf5+ Ke6 52. Ne3 Bc1 53. Kh5 Rg5+ (53... Bxe3 54. Kxg4 Bc1 55. Re2+ Kd6 56. Kf5 $11) 54. Kh4 Bxe3 55. Rxa3 Bf2+ 56. Kh3 Rg3+ 57. Rxg3 Bxg3 58. Kxg3 Ke5 59. Kf3 Kf5 60. Kg3 Ke4 61. Kf2 Kf4 62. Kg2 Ke3 63. Kg3 f5 64. Kg2 f4 65. Kf1 Kf3 66. Ke1 Kg2 67. Ke2 f3+ 68. Ke3 f2 69. Ke4 f1=Q (69... f1=B 70. Kf5 $11) 70. Ke5 Qb5+ 71. Ke6 Kg3 72. Kf7 Qc6 73. Kg8 Kf4 74. Kg7 Kg5 75. Kg8 Kf6 76. Kh8 Kg6 77. Kg8 Qe8#) 50. Ne1 Rg3 51. Kh5 f5 52. Kh4 f4 53. Ng2 Bf6+ 54. Kh5 Be5 55. Kh4 Ke6 (55... Kf6 $142 56. Rd2 Kf5 (56... Kg6 {gets mated.} 57. Nxf4+ Bxf4 58. Rd7 a2 59. Ra7 Rg2 60. Kh3 Rh2+ 61. Kg4 Be5 62. Ra6+ Kf7 63. Kf3 a1=Q 64. Rxa1 Bxa1 65. Kf4 Ke6 66. Ke4 Be5 67. Ke3 Kd5 68. Kd3 Rh3+ 69. Kd2 Ke4 70. Ke2 Rh2+ 71. Kd1 Ra2 72. Ke1 Kf3 73. Kd1 Bf4 74. Ke1 Ra1#) 57. Kh5 Bb2 58. Nh4+ Ke4 59. Ng6 a2 60. Re2+ Kf3 61. Re1 Kf2 (61... a1=B 62. Rf1+ Ke2 63. Rxf4 $17) (61... a1=Q {is a self mate.} 62. Nh4+ Kf2 63. Rxa1 Bxa1 64. Nf5 f3 65. Kh6 Rg1 66. Ne7 Ke2 67. Ng6 f2 68. Nf4+ Kf3 69. Nh3 f1=Q 70. Ng5+ Kg4 71. Kh7 Kxg5 72. Kg8 Kh6#) 62. Rd1 f3 (62... a1=B 63. Nxf4 Be5 64. Ne6 $17) 63. Rd2+ Ke1 64. Rd7 a1=Q (64... a1=B $2 65. Re7+ Kd2 66. Rd7+ Bd4 67. Rd5 $19) 65. Kh4 Rxg6 66. Kh5 Rg2 67. Re7+ Kf2 68. Re4 Qa5+ 69. Re5 Qxe5+ 70. Kh6 Qh8#) 56. Kh5 Kf5 57. Nh4+ Ke4 58. Re2+ Re3 0-1

[Event "FISU WUMSCC Men 2024"]
[Site "Entebbe"]
[Date "2024.06.28"]
[Round "7.2"]
[White "Alrehaili, Ahmed Abdullah S"]
[Black "Defromont, Benjamin"]
[Result "0-1"]
[ECO "A05"]
[WhiteElo "2134"]
[BlackElo "2380"]
[Annotator "RC"]
[PlyCount "76"]
[EventDate "2024.06.24"]
[EventType "swiss"]
[EventCountry "UGA"]
[SourceTitle "playchess.com"]
[Source "ChessBase"]
[SourceQuality "1"]
[TimeControl "5400+30"]

1. e4 e6 2. d3 c5 3. Nf3 b6 4. g3 Bb7 5. Bg2 d6 6. O-O Nf6 7. Nbd2 Be7 8. Re1 O-O 9. c3 Nc6 10. a3 b5 11. d4 Qb6 12. e5 dxe5 13. dxe5 Nd7 14. b3 Rfd8 15. Qe2 a5 16. h4 c4 17. bxc4 b4 18. Rb1 Nc5 19. Ne4 Nd3 20. Be3 Qa6 21. Red1 Qxc4 22. Nfd2 Qa2 23. cxb4 axb4 24. axb4 Bxb4 25. Nd6 Ba6 26. Bxc6 Nxe5 27. Qh5 Nxc6 28. Qxf7+ Kh8 29. Nf5 Bf8 30. Ne4 Rxd1+ 31. Rxd1 Ne5 32. Qc7 exf5 33. Ng5 Qe2 34. Qxe5 Qxd1+ 35. Kh2 Bb7 36. Nf7+ Kg8 37. Nh6+ gxh6 38. Qe6+ Kh8 0-1

[Event "FISU WUMSCC Men 2024"]
[Site "Entebbe"]
[Date "2024.06.28"]
[Round "7.3"]
[White "Gatineau, Yovann"]
[Black "Nyola Wasswa Mark"]
[Result "1-0"]
[ECO "D61"]
[WhiteElo "2414"]
[BlackElo "2067"]
[Annotator "RC"]
[PlyCount "107"]
[EventDate "2024.06.24"]
[EventType "swiss"]
[EventCountry "UGA"]
[SourceTitle "playchess.com"]
[Source "ChessBase"]
[SourceQuality "1"]
[TimeControl "5400+30"]

1. d4 Nf6 2. c4 e6 3. Nf3 d5 4. Nc3 Be7 5. Bg5 Nbd7 6. e3 c6 7. Qc2 h6 8. Bh4 O-O 9. a3 a5 10. Rd1 Re8 11. Bd3 dxc4 12. Bxc4 Nd5 13. Bg3 b5 14. Nxd5 exd5 15. Bxd5 cxd5 16. Bc7 Bb4+ 17. axb4 Qf6 18. Bxa5 Nf8 19. Ne5 Qg5 20. O-O Bf5 21. Qc7 Re7 22. Qc6 Rae8 23. Qxd5 Be6 24. Qf3 f6 25. Nc6 Rd7 26. e4 f5 27. Ne5 fxe4 28. Qe3 Qxe3 29. fxe3 Rd5 30. Rc1 Nd7 31. Bc7 Nxe5 32. Bxe5 Rc8 33. Rc5 Ra8 34. Rc6 Re8 35. h3 Rd7 36. Ra1 Rf7 37. Kh2 Bc4 38. Kg3 Kh7 39. Raa6 Rd8 40. Rg6 Rdd7 41. h4 Ra7 42. Rgd6 Rxa6 43. Rxa6 Rd7 44. h5 Rf7 45. Kh4 Rd7 46. g4 Rf7 47. Rd6 Re7 48. g5 hxg5+ 49. Kxg5 Be2 50. h6 gxh6+ 51. Rxh6+ Kg8 52. Kg6 Bh5+ 53. Rxh5 Rg7+ 54. Kf5 1-0

[Event "FISU WUMSCC Men 2024"]
[Site "Entebbe"]
[Date "2024.06.28"]
[Round "7.4"]
[White "Turcan, Richard"]
[Black "Walter, Szymon"]
[Result "1/2-1/2"]
[ECO "A28"]
[WhiteElo "2374"]
[BlackElo "2313"]
[Annotator "RC"]
[PlyCount "33"]
[EventDate "2024.06.24"]
[EventType "swiss"]
[EventCountry "UGA"]
[SourceTitle "playchess.com"]
[Source "ChessBase"]
[SourceQuality "1"]
[TimeControl "5400+30"]

1. c4 Nf6 2. Nc3 e5 3. Nf3 Nc6 4. e3 Bb4 5. Qc2 O-O 6. Nd5 a5 7. Be2 Re8 8. a3 Bf8 9. d3 d6 10. e4 Nxd5 11. cxd5 Nb8 12. O-O c6 13. dxc6 Nxc6 14. Be3 d5 15. exd5 Qxd5 16. Qc4 Be6 17. Ng5 1/2-1/2

[Event "FISU WUMSCC Men 2024"]
[Site "Entebbe"]
[Date "2024.06.28"]
[Round "7.5"]
[White "Jakab, Bela"]
[Black "Horak, Martin"]
[Result "0-1"]
[ECO "C42"]
[WhiteElo "2390"]
[BlackElo "2333"]
[Annotator "RC"]
[PlyCount "84"]
[EventDate "2024.06.24"]
[EventType "swiss"]
[EventCountry "UGA"]
[SourceTitle "playchess.com"]
[Source "ChessBase"]
[SourceQuality "1"]
[TimeControl "5400+30"]

1. e4 e5 2. Nf3 Nf6 3. Nxe5 d6 4. Nf3 Nxe4 5. Nc3 Nxc3 6. dxc3 Be7 7. Be3 Nc6 8. Bb5 a6 9. Ba4 O-O 10. h3 Na5 11. Bb3 Nxb3 12. cxb3 d5 13. Qd2 Bf5 14. O-O h6 15. b4 c6 16. Bc5 Be4 17. Bxe7 Qxe7 18. Rfe1 a5 19. Nd4 Qf6 20. a3 b6 21. Ne2 Qg6 22. Ng3 f5 23. Qf4 c5 24. f3 Bd3 25. Re3 Bc4 26. bxa5 bxa5 27. h4 Rab8 28. Rae1 Rb6 29. Re5 Kh7 30. Re7 a4 31. Qc7 d4 32. h5 Qf6 33. Nxf5 Bf7 34. cxd4 cxd4 35. Qc2 Kh8 36. Qc5 Rxb2 37. Nxd4 Rd8 38. Nf5 Rdd2 39. Ne3 Qh4 40. Qc8+ Bg8 41. Qg4 Qxe1+ 42. Kh2 Rxg2+ 0-1

[Event "FISU WUMSCC Men 2024"]
[Site "Entebbe"]
[Date "2024.06.28"]
[Round "7.6"]
[White "Kato, Richard"]
[Black "Szustakowski, Antoni"]
[Result "0-1"]
[ECO "E21"]
[WhiteElo "1908"]
[BlackElo "2362"]
[Annotator "RC"]
[PlyCount "64"]
[EventDate "2024.06.24"]
[EventType "swiss"]
[EventCountry "UGA"]
[SourceTitle "playchess.com"]
[Source "ChessBase"]
[SourceQuality "1"]
[TimeControl "5400+30"]

1. d4 Nf6 2. c4 e6 3. Nf3 b6 4. Nc3 Bb4 5. Qb3 c5 6. Bg5 h6 7. Bd2 Bb7 8. e3 Bxf3 9. gxf3 O-O 10. d5 exd5 11. cxd5 d6 12. Rg1 Nbd7 13. f4 a6 14. O-O-O b5 15. f3 Bxc3 16. Bxc3 b4 17. Be1 Nh5 18. Rd2 Nb6 19. Rdg2 a5 20. Qd3 Qf6 21. Rd2 a4 22. Rg4 c4 23. Qd4 b3 24. axb3 axb3 25. Kd1 c3 26. bxc3 Ra1+ 27. Ke2 Qxd4 28. cxd4 Nc4 29. Kf2 Nxd2 30. Bxd2 Rxf1+ 31. Kxf1 b2 32. Ke2 b1=Q 0-1

[Event "FISU WUMSCC Men 2024"]
[Site "Entebbe"]
[Date "2024.06.28"]
[Round "7.7"]
[White "Thilakarathne, G M H"]
[Black "Mthembu, Lovers"]
[Result "1-0"]
[ECO "C93"]
[WhiteElo "2356"]
[BlackElo "1876"]
[Annotator "RC"]
[PlyCount "79"]
[EventDate "2024.06.24"]
[EventType "swiss"]
[EventCountry "UGA"]
[SourceTitle "playchess.com"]
[Source "ChessBase"]
[SourceQuality "1"]
[TimeControl "5400+30"]

1. e4 e5 2. Nf3 Nc6 3. Bb5 a6 4. Ba4 d6 5. O-O Nf6 6. Re1 Be7 7. c3 O-O 8. h3 b5 9. Bb3 Bb7 10. d4 h6 11. Nbd2 Re8 12. Nf1 Bf8 13. Ng3 exd4 14. cxd4 d5 15. e5 Ne4 16. Bc2 Nxg3 17. fxg3 Qd7 18. a3 b4 19. Nh2 b3 20. Bxb3 a5 21. Ba4 Ba6 22. Ng4 Re6 23. Bd2 Rb8 24. Bc3 Qd8 25. Qd2 Bc4 26. Bxc6 Rxc6 27. Bxa5 Rb3 28. Re3 h5 29. Rc1 Rb5 30. Nf2 Ra6 31. Bc3 Rb3 32. Rce1 Qg5 33. h4 Qg6 34. Nh3 Be7 35. Qd1 Qf5 36. Nf4 Bxh4 37. Qxh5 Qxh5 38. Nxh5 Bg5 39. Nf4 Rbb6 40. Bb4 1-0

[Event "FISU WUMSCC Men 2024"]
[Site "Entebbe"]
[Date "2024.06.28"]
[Round "7.8"]
[White "Alharthi, Ahmed Mohammed A"]
[Black "Almuntasir, mohamed khalifah"]
[Result "1-0"]
[ECO "A48"]
[WhiteElo "1951"]
[BlackElo "1724"]
[Annotator "NA RC"]
[PlyCount "55"]
[EventDate "2024.06.24"]
[EventType "swiss"]
[EventCountry "UGA"]
[SourceTitle "playchess.com"]
[Source "ChessBase"]
[SourceQuality "1"]
[TimeControl "5400+30"]

1. d4 Nf6 2. Bf4 d6 3. e3 g6 4. h3 Bg7 5. c3 O-O 6. Nf3 c6 7. Be2 Qb6 8. Qc1 h6 9. O-O Na6 10. a4 c5 11. Nbd2 Be6 12. Re1 Rac8 13. Bd3 Qa5 14. e4 cxd4 15. Nxd4 Bd7 {[%emt 0:00:14] [#]} 16. N2b3 ({White should play} 16. Nc4 $1 Qc7 17. e5 (17. Bxh6 Nc5 $16) 17... dxe5 18. Nxe5 (18. Bxe5 Qd8 $16)) 16... Qd8 17. Bxh6 Nc5 $16 (17... e5 $142) 18. Bc2 Nxa4 19. Rxa4 Bxa4 20. Bxg7 Kxg7 21. Nf5+ Kg8 22. Qh6 Ne8 23. e5 d5 24. Nbd4 Bxc2 25. Ne6 fxe6 26. Qxg6+ Kh8 27. Qh6+ Kg8 28. Re3 1-0

[Event "FISU WUMSCC Men 2024"]
[Site "Entebbe"]
[Date "2024.06.28"]
[Round "7.9"]
[White "Wagner, Gerald"]
[Black "Hemeni, Simamnkele"]
[Result "1-0"]
[ECO "B56"]
[WhiteElo "1832"]
[BlackElo "1866"]
[Annotator "NA RC"]
[PlyCount "83"]
[EventDate "2024.06.24"]
[EventType "swiss"]
[EventCountry "UGA"]
[SourceTitle "playchess.com"]
[Source "ChessBase"]
[SourceQuality "1"]
[TimeControl "5400+30"]

1. e4 c5 2. Nf3 d6 3. d4 cxd4 4. Nxd4 Nf6 5. Nc3 Nc6 6. h3 e5 7. Nde2 Be6 8. Bg5 Be7 9. Qd2 Qb6 10. b3 h6 11. Be3 Qa5 12. f4 d5 13. f5 Bxf5 14. Nxd5 Nxd5 15. Qxa5 Nxa5 16. exd5 Bxc2 17. Bd2 b6 18. Rc1 Rc8 19. Nc3 Bh4+ 20. Ke2 Bg6 21. Kf3 O-O 22. Ba6 Rc7 23. Nb5 Rd7 24. Bb4 Re8 25. Nc7 e4+ 26. Ke2 Re5 27. d6 Bg5 28. Rc3 f5 29. Bc8 Be8 30. Nxe8 Rf7 31. h4 Bd8 32. d7 f4 33. Nd6 Rf6 34. Bxa5 f3+ 35. gxf3 exf3+ 36. Kf2 Rxa5 37. Nb7 Rxa2+ 38. Kg3 Bc7+ 39. Rxc7 Rg2+ 40. Kh3 Rfg6 41. d8=Q+ Kh7 42. Qd6 1-0

[Event "FISU WUMSCC Men 2024"]
[Site "Entebbe"]
[Date "2024.06.28"]
[Round "7.10"]
[White "Selepe, Lwazi"]
[Black "Janik, Igor"]
[Result "0-1"]
[ECO "B11"]
[WhiteElo "1913"]
[BlackElo "2511"]
[Annotator "TA"]
[PlyCount "146"]
[EventDate "2024.06.24"]
[EventType "swiss"]
[EventCountry "UGA"]
[SourceTitle "playchess.com"]
[Source "ChessBase"]
[SourceQuality "1"]
[TimeControl "5400+30"]

1. e4 c6 2. Nc3 d5 3. Nf3 Bg4 4. Be2 Bxf3 5. Bxf3 d4 6. Nb1 {[%emt 0:00:33] B11: Caro-Kann: Two Knights Variation.} e5 7. d3 Bd6 8. a4 $146 ({Predecessor:} 8. Nd2 Ne7 9. Nc4 b5 10. Nxd6+ Qxd6 11. c3 c5 12. Qb3 b4 13. Bh5 O-O 14. O-O dxc3 15. bxc3 Qxd3 16. Bb2 Nbc6 17. cxb4 Qxb3 18. axb3 cxb4 19. Rfd1 {0-1 Rios Franco,J-Tirado,J East Region-ch U14 2011 (4.1)}) 8... Ne7 9. Nd2 Bc7 10. O-O Nd7 11. b3 O-O 12. Ba3 Re8 13. g3 Nf6 14. Bg2 Ng6 15. h3 a5 16. Qe2 Ra6 17. Nf3 Bd6 18. Bc1 b5 19. Bd2 Qc7 20. Qe1 Rea8 (20... b4 $11) 21. h4 (21. c3 $14 {was preferrable.}) 21... Nf8 22. Nxe5 Bxe5 23. f4 N6d7 24. fxe5 Nxe5 25. Qf2 Qd6 26. Qe1 (26. Bh3 $14) 26... Qc5 27. Bf4 Nfg6 28. Qe2 h6 29. h5 Nf8 30. Bh3 b4 31. Rf2 Re8 32. Raf1 Ra7 33. Kh2 f6 34. Bf5 Rae7 35. Kg2 Kh8 36. Kh1 Nf7 37. Bg6 Kg8 38. Bxf7+ Rxf7 39. Qg4 f5 40. exf5 Qxf5 (40... Rxf5 41. Kg1 Rxh5 42. Bd6 Qxd6 43. Qxh5 Qxg3+ 44. Rg2 Qe3+ 45. Kh1 $11) 41. Qxf5 Rxf5 42. g4 Rd5 43. Kg2 Nd7 44. Kg3 Re6 45. Bc7 Rc5 46. Rf4 Rxc2 47. Rxd4 Nf6 $1 48. Bxa5 c5 49. Rc4 Rd2 50. Rf3 Ree2 51. Bc7 Rd1 52. a5 Rg1+ 53. Kh3 Rb1 54. a6 Ra2 55. Bd8 Nd7 56. d4 Rxa6 57. Be7 (57. dxc5 $2 {is the wrong capture.} Ne5 58. Rxb4 Nxf3 $19) 57... cxd4 58. Rxd4 Ne5 59. Re3 Nc6 60. Rd6 Rc1 61. Bh4 Raa1 62. Bf2 Rc2 63. Kg3 Rf1 64. Rf3 Kh7 {[%emt 0:01:38] [#]} (64... Ra1 $1 $11 {keeps the balance.}) 65. Be3 (65. Rf8 $1 $16 {Black must now prevent Re6.} Rb1 66. Re6 Rxb3+ 67. Kg2) 65... Rb1 66. g5 (66. Bd4 $11) 66... hxg5 $1 $15 67. Bxg5 $2 (67. Re6 $1 $15) 67... Ne5 $19 68. Rf8 $2 (68. Re3 Nf7 69. Rb6 Nxg5 (69... Rg1+ $2 70. Kf4 $19) 70. Kf4) 68... Rg1+ $19 69. Kh3 Rxg5 70. Kh4 Rg4+ 71. Kh3 Rc3+ 72. Kh2 Rh4+ 73. Kg2 Rxh5 0-1

[Event "FISU WUMSCC Men 2024"]
[Site "Entebbe"]
[Date "2024.06.28"]
[Round "7.11"]
[White "Alshnaiber, Yazeed"]
[Black "Musasizi, Emmanuel"]
[Result "1/2-1/2"]
[ECO "B48"]
[WhiteElo "1831"]
[BlackElo "1966"]
[Annotator "NA RC"]
[PlyCount "167"]
[EventDate "2024.06.24"]
[EventType "swiss"]
[EventCountry "UGA"]
[SourceTitle "playchess.com"]
[Source "ChessBase"]
[SourceQuality "1"]
[TimeControl "5400+30"]

1. e4 c5 2. Nf3 e6 3. d4 cxd4 4. Nxd4 a6 5. Bd3 Nf6 6. O-O Qc7 7. Be3 h5 8. h3 Nc6 9. Nc3 Bd6 10. Qd2 {[%emt 0:02:46] B48: Sicilian: Taimanov: 5 Nc3 Qc7 6 Be3 a6 without Be2.} Nxd4 11. Bxd4 Bf4 12. Be3 g5 13. Rae1 e5 14. Nd5 Qd8 15. Qe2 Nxd5 16. exd5 d6 17. c4 b6 18. b4 Bb7 (18... Kf8 $16 {was necessary.}) 19. Be4 Kf8 20. g3 Bxe3 21. fxe3 Kg7 22. Rf2 Ra7 23. Ref1 Bc8 $14 24. Kh2 h4 25. g4 Rh6 26. Qf3 f6 27. Bd3 Rf7 28. Qe4 Qc7 29. Rc1 Qa7 30. Bb1 Rc7 31. Rfc2 Bb7 32. Qf5 Bc8 33. Qd3 Bd7 34. Rc3 Be8 35. c5 bxc5 36. bxc5 dxc5 37. d6 Rc6 38. Qd5 Qd7 39. Rxc5 Rxd6 40. Qf3 Rd2+ 41. Kg1 e4 42. Bxe4 Qd6 43. Rc7+ Kf8 44. Rc8 Ke7 45. R8c7+ Kf8 46. R7c2 Qh2+ 47. Kf1 Bb5+ 48. Ke1 Rxc2 49. Rxc2 Qe5 50. Rc8+ Ke7 51. Qf5 Bd7 52. Qxe5+ fxe5 53. Rc5 Kf6 54. Rc7 Bb5 55. Bc6 Bd3 56. Bg2 Rh8 57. Bf1 Rd8 58. a4 Bxf1 59. Kxf1 Rd1+ 60. Kg2 e4 61. Rc6+ Kf7 62. Rxa6 Rd2+ 63. Kg1 Re2 64. Ra7+ Kf6 65. Ra6+ Ke5 66. Ra5+ Kf6 67. Ra6+ Ke7 68. Rg6 Rxe3 69. Rxg5 Ke6 70. Rh5 Rxh3 71. Kf2 Rf3+ 72. Ke2 h3 73. a5 Ra3 74. a6 Kf6 75. a7 Rxa7 76. Ke3 Ra4 77. Kf4 Kg6 78. Rxh3 e3+ 79. Kf3 e2 80. Kxe2 Kg5 81. Rg3 Kf4 82. Rg1 Ra5 83. Kd3 Rg5 84. Kd4 1/2-1/2

[Event "FISU WUMSCC Men 2024"]
[Site "Entebbe"]
[Date "2024.06.28"]
[Round "7.12"]
[White "Alinda Collins"]
[Black "Alfaitori, Abdallah"]
[Result "0-1"]
[ECO "B22"]
[WhiteElo "1845"]
[BlackElo "1947"]
[Annotator "NA RC"]
[PlyCount "164"]
[EventDate "2024.06.24"]
[EventType "swiss"]
[EventCountry "UGA"]
[SourceTitle "playchess.com"]
[Source "ChessBase"]
[SourceQuality "1"]
[TimeControl "5400+30"]

1. e4 e6 2. d4 d5 3. Nd2 c5 4. c3 cxd4 5. cxd4 dxe4 6. Nxe4 Be7 7. Nf3 Nf6 8. Bd3 O-O 9. O-O Nc6 10. Be3 {[%emt 0:01:48] 10.Nc3 gains popularity. B22: Sicilian: 2 c3.} Nb4 11. Bb1 b6 12. Nxf6+ Bxf6 13. Be4 Nd5 14. Nd2 $146 ({Predecessor:} 14. Qc2 h6 15. Rfd1 Bb7 16. Qe2 Rc8 17. Bb1 Qe7 18. Qd3 g6 19. Bxh6 {½-½ Ordonez Olaya,D (1216)-Alderete Yalico,J (1108) Pan American-ch School U13 12th 2023 (7)}) 14... Ba6 15. Re1 Qd7 16. Qf3 Rac8 17. Nf1 Nb4 18. Red1 Nc2 19. Rab1 $1 Nb4 (19... Bxf1 $15 {should be considered.} 20. Kxf1 Rfd8 (20... Bxd4 $2 {too greedy.} 21. Bxc2 Rxc2 22. Bxd4 $18) (20... Nxd4 21. Bxh7+ Kxh7 22. Bxd4 $11)) 20. Ng3 Be7 (20... Nxa2 $2 {perishes.} 21. Nh5 Qe7 22. Ra1 $18) (20... Nd5 $11 {should be considered.}) 21. a3 f5 (21... Nd5 $15) 22. axb4 fxe4 23. Qxe4 Bb7 (23... Bxb4 24. d5 Rc4 (24... Bc4 $2 25. b3 $18) 25. Qxe6+ (25. dxe6 Qxd1+ 26. Rxd1 Rxe4 $16) 25... Qxe6 26. dxe6 $16) 24. Qg4 Rf6 $11 ({Much weaker is} 24... Bxb4 $6 25. d5 Bc5 26. dxe6 $16 (26. Qxe6+ Qxe6 27. dxe6 Bxe3 $18)) 25. f3 Rg6 26. Qh3 Rf8 27. Rd3 Qb5 28. Rbd1 Bd5 29. Kh1 Rxf3 30. gxf3 Bxf3+ 31. Kg1 Bxd1 32. Rxd1 Qe2 33. Qxe6+ Rxe6 34. Nxe2 Rxe3 35. Kf2 Rb3 36. Rd2 Bxb4 37. Rc2 Bd6 38. Nc3 b5 39. h4 Be7 40. h5 Bf6 41. Ne2 Rd3 42. Rc8+ Kf7 43. Rc7+ Kg8 44. Rc8+ Kf7 45. Rc7+ Kf8 46. h6 gxh6 47. Rxa7 Rd2 48. Ke3 Rxb2 49. Ra8+ Kg7 50. Ra7+ Kg6 51. Nf4+ Kf5 52. Nd5 Rb3+ 53. Ke2 Bxd4 54. Rxh7 Kg5 55. Rf7 h5 56. Nf4 Re3+ 57. Kd2 Re5 58. Kd3 Bb6 59. Ne2 Re3+ 60. Kd2 Re6 61. Rg7+ Kh6 62. Rd7 h4 63. Kd3 Rf6 64. Ke4 Re6+ 65. Kd3 Bc5 66. Rd5 Rd6 67. Rxd6+ Bxd6 68. Ke3 b4 69. Nc1 Kg5 70. Kf3 Kf5 71. Kg2 Bf4 72. Nb3 Ke4 73. Na1 Kd3 74. Nb3 Kc3 75. Na5 Bc7 76. Nb7 Bb6 77. Nd6 b3 78. Ne4+ Kc2 79. Nd6 Kd3 80. Nb5 Bc5 81. Kh3 b2 82. Kxh4 b1=Q 0-1